 Dungeon Crawl Stone Soup version 0.21-a0-241-g2cbab09 (webtiles) character file.

688 tidbits the Skirmisher (level 7, -3/72 HPs)
             Began as a Demigod Wanderer on Sept 3, 2017.
             Slain by an orc warrior
             ... wielding a +0 war axe
              (21 damage)
             ... on level 6 of the Dungeon.
             The game lasted 00:12:07 (1774 turns).

tidbits the Skirmisher (Demigod Wanderer)           Turns: 1774, Time: 00:12:07

Health: -3/72      AC: 10    Str: 13 (14) XL:     7   Next: 13%
Magic:  12/12      EV:  8    Int: 19 (21) God:
Gold:   159        SH:  0    Dex: 13 (15) Spells: 9/9 levels left

rFire    + . .     SeeInvis .   G - +3 quarterstaff (chaos)
rCold    + . .     Gourm    .   (shield currently unavailable)
rNeg     . . .     Faith    .   B - +2 scale mail
rPois    .         Spirit   .   E - +0 helmet
rElec    .         Reflect  .   C - +0 cloak
rCorr    .         Harm     +   (no gloves)
MR       .....                  (no boots)
Stlth    ..........             l - amulet of harm
HPRegen  0.22/turn              q - ring of protection from fire
MPRegen  0.13/turn              (no ring)

@: no status effects
A: cold resistance 1, high mp 1, robust 1
a: no special abilities


You were on level 6 of the Dungeon.
You were not hungry.

You visited 1 branch of the dungeon, and saw 6 of its levels.

You collected 159 gold pieces.

Inventory:

Hand Weapons
 a - a +0 hand axe
 b - a +0 whip
 g - a cursed -3 hunting sling
 p - a cursed -2 hunting sling
 t - a +1 flail of protection
   (You found it on level 4 of the Dungeon)
 v - a +0 trident
 G - a +3 quarterstaff of chaos (weapon)
   (You took it off Crazy Yiuf on level 3 of the Dungeon)
 H - a cursed -2 hunting sling
Missiles
 n - 41 arrows
Armour
 f - a +2 leather armour of fire resistance
   (You found it on level 1 of the Dungeon)
 A - a cursed -2 robe
 B - a +2 scale mail (worn)
 C - a +0 cloak (worn)
 E - a +0 helmet (worn)
Jewellery
 l - an amulet of harm (around neck)
   (You found it on level 3 of the Dungeon)
 q - a ring of protection from fire (left hand)
   (You found it on level 2 of the Dungeon)
 y - an uncursed amulet of the gourmand {unknown}
   (You found it on level 2 of the Dungeon)
Wands
 e - a wand of confusion (13/48)
 F - a wand of flame (12/48)
 J - a wand of digging (19/24)
Scrolls
 h - a scroll of fog {unknown}
 i - a scroll of recharging {unknown}
 j - a scroll of amnesia
 r - 2 scrolls of remove curse
 x - 2 scrolls of fear {unknown}
 z - a scroll of teleportation {unknown}
 D - a scroll of magic mapping {unknown}
 L - a scroll of enchant weapon {unknown}
 M - a scroll of blinking {unknown}
Potions
 k - a potion of magic {unknown}
 o - 2 potions of mutation {!q}
 I - a potion of degeneration
 K - a potion of curing
Comestibles
 c - a chunk of flesh
 d - a bread ration
 s - a royal jelly
 u - a meat ration
 w - 6 fruits


   Skills:
 + Level 7.4 Fighting
 - Level 1.7 Axes
 - Level 1.1 Throwing
 - Level 1.7 Armour
 - Level 1.0 Stealth
 - Level 1.8 Spellcasting
   Level 1.0 Translocations


You had 9 spell levels left.
You didn't know any spells.

Dungeon Overview and Level Annotations

Branches:
Dungeon (6/15)
 Temple: D:4-7


Innate Abilities, Weirdness & Mutations

You have an increased reservoir of magic. (+10% MP)
Your flesh is cold resistant. (rC+)
You are robust. (+10% HP)


Message History

Found 33 stones.
Found a scroll labeled YDAGUI ZYIHUSOQO.
You see here a scroll labeled GESESI JAIBB.
M - a scroll labeled GESESI JAIBB You barely miss the worm.
The worm bites you but does no damage.
You sock the worm!
You feel better.
Shadowy shapes form in the air around the worm, then vanish.
The worm is heavily wounded.
You barely miss the worm.
The worm is heavily wounded.
The worm closely misses you.
Some of the chunks of flesh in your inventory have rotted away.
You sock the worm!
You kill the worm!
You see here a worm corpse.
Found 13 gold pieces.
An orc comes into view. It is wielding a flail.
The orc shouts!
Found a dented amethyst amulet.
An orc warrior and an orc wizard come into view.
The orc warrior shouts!
The orc wizard shouts!
An orc comes into view. It is wielding a club.
The orc shouts!
The orc moves out of view.
You completely miss the orc wizard. The orc wizard barely misses you.
You thump the orc wizard! You burn the orc wizard.
The orc wizard is almost dead.
The orc wizard looks satisfied for a moment.
You hit the orc wizard. You freeze the orc wizard.
You kill the orc wizard!
The orc warrior hits you with a war axe!
There is a stone staircase leading down here.
As you read the scroll labeled NURCHA MACI, it crumbles to dust.
You feel blessed for a moment.
It was a scroll of remove curse.
Adjust (i)tems, (s)pells, or (a)bilities?
Adjust which item? (? for menu, Esc to quit)
e - 2 scrolls of remove curse Adjust to which letter? (? for menu, Esc to quit)
r - 2 scrolls of remove curse;
e - a wand of confusion (13/48)
You closely miss the orc warrior. The orc warrior completely misses you.
You hit the orc warrior but do no damage.
The orc warrior hits you with a war axe!
You closely miss the orc warrior.
The orc warrior hits you with a war axe!!
* * * LOW HITPOINT WARNING * * *
You turn into a tree.
Your +0 cloak melds into your body.
Your +0 helmet melds into your body.
Your +2 scale mail melds into your body.
Your roots penetrate the ground.
The orc warrior hits you but does no damage.
You hit the orc warrior.
The orc warrior appears confused.
The orc warrior is lightly wounded.
You barely miss the orc warrior.
The orc warrior is lightly wounded.
The orc warrior hits the orc with a war axe!
The orc is killed!
The orc warrior hits you but does no damage.
You sock the orc warrior! You burn the orc warrior.
The orc warrior is severely wounded.
The orc warrior hits the orc with a war axe!!
The orc is killed!
The orc warrior hits you with a war axe.
* * * LOW HITPOINT WARNING * * *
You cannot move.
You swing at nothing.
You swing at nothing.
The orc warrior hits itself with a war axe!
You swing at nothing.
You swing at nothing.
You swing at nothing.
You swing at nothing.
You swing at nothing.
You swing at nothing.
The orc warrior seems less confused.
You swing at nothing.
Your transformation is almost over.
You closely miss the orc warrior.
The orc warrior is almost dead.
The orc warrior hits you but does no damage.
You hit the orc warrior but do no damage.
The orc warrior is almost dead.
The orc warrior hits you with a war axe.
* * * LOW HITPOINT WARNING * * *
You hit the orc warrior.
The orc warrior is almost dead.
The orc warrior hits you with a war axe!
* * * LOW HITPOINT WARNING * * *
You hit the orc warrior but do no damage.
The orc warrior flickers and vanishes!
Deactivating autopickup; reactivate with Ctrl-A.
Something hits you!
* * * LOW HITPOINT WARNING * * *
You closely miss something.
Something hits you but does no damage. x2
It was a potion of degeneration.
There was something very wrong with that liquid.
You feel weakened.
You feel dopey.
You feel clumsy.
You feel less wooden.
Your +0 cloak unmelds from your body.
Your +0 helmet unmelds from your body.
Your +2 scale mail unmelds from your body.
It was a potion of curing.
You feel better. Something hits you!!
You die...

#.......##.. #........... # #.
#.......... #........... #.#.
#......# #..#'####... #"#.#
#.†....# #..#.# ...
#....####....#.# #..#.# ..
#......#....##.# #.###..#.###
.......#.....(.# #..........#..
....?......>.#########.........
.#..)..#...#..){@...###.######
....####...######...)...# ..$
##### ###.#.#.### .. #.......#
. #.....#.#### ###..........#
#............# #.##.........#
#.#####......#


There were no monsters in sight!

Vanquished Creatures
  A boggart (D:5)
  An ogre (D:4)
  Blork the orc (D:5)
  Dowan (D:5)
  A scorpion (D:4)
  Crazy Yiuf (D:3)
  A jelly (D:4)
  2 orc wizards
  Jessica (D:2)
  2 worker ants (D:4)
  Natasha (D:2)
  6 adders
  A shadow imp (D:5)
  An ooze (D:4)
  An adder skeleton (D:4)
  A worm (D:6)
  2 dart slugs
  A leopard gecko (D:3)
  11 orcs
  A ball python (D:2)
  2 bats
  2 giant cockroaches
  3 goblins
  2 hobgoblins (D:1)
  3 jackals (D:2)
  2 quokkas
  10 frilled lizards
  4 kobolds
  A rat (D:1)
  2 fungi (D:3)
69 creatures vanquished.

Notes
Turn   | Place    | Note
-------+----------+-------------------------------------------
     0 | D:1      | tidbits the Demigod Wanderer began the quest for the Orb.
     0 | D:1      | tidbits set off with: a +2 scale mail, a +0 hand axe, a potion of lignification, a bread ration
     0 | D:1      | Reached XP level 1. HP: 16/16 MP: 5/5
   197 | D:3      | Reached skill level 2 in Fighting
   197 | D:3      | Reached XP level 2. HP: 18/24 MP: 7/7
   525 | D:2      | Reached XP level 3. HP: 30/30 MP: 8/8
   744 | D:4      | Reached skill level 3 in Fighting
   803 | D:4      | Reached XP level 4. HP: 22/40 MP: 9/9
   821 | D:4      | Gained mutation: Your flesh is cold resistant. (rC+) [potion of mutation]
   821 | D:4      | Gained mutation: You are robust. (+10% HP) [potion of mutation]
   864 | D:4      | Reached skill level 4 in Fighting
   885 | D:4      | Found a blossoming altar of Fedhas.
   989 | D:4      | Reached XP level 5. HP: 19/51 MP: 10/10
  1035 | D:4      | Found a sparkling altar of Nemelex Xobeh.
  1055 | D:4      | Noticed an ogre
  1085 | D:4      | Killed an ogre
  1085 | D:4      | Reached skill level 5 in Fighting
  1157 | D:4      | Reached XP level 6. HP: 26/62 MP: 11/11
  1220 | D:2      | Noticed Natasha
  1238 | D:2      | Killed Natasha
  1238 | D:2      | Reached skill level 6 in Fighting
  1279 | D:2      | Noticed Jessica
  1288 | D:2      | Killed Jessica
  1448 | D:3      | Found a runed door.
  1453 | D:3      | Noticed Crazy Yiuf
  1459 | D:3      | Killed Crazy Yiuf
  1563 | D:5      | Entered Level 5 of the Dungeon
  1563 | D:5      | Noticed Duvessa
  1563 | D:5      | Noticed Dowan
  1571 | D:5      | Noticed Duvessa
  1571 | D:5      | Duvessa changed into Duvessa the boggart
  1574 | D:5      | Killed Duvessa the boggart
  1578 | D:5      | Killed Dowan
  1600 | D:5      | Noticed Blork the orc
  1604 | D:5      | Reached skill level 7 in Fighting
  1615 | D:5      | Killed Blork the orc
  1615 | D:5      | Reached XP level 7. HP: 65/72 MP: 12/12
  1771 | D:6      | HP: 9/108 [something (16)]
  1774 | D:6      | Slain by an orc warrior

Vault maps used:
D:1:      nicolae_arrival_somewhat_less_tricky_arrival, minmay_lizard_pond
D:2:      kiku_gazebo_garden_becter, first_bread, uniq_natasha, uniq_terence,
          uniq_jessica
D:3:      uniq_crazy_yiuf_cottage
D:4:      nemelex_altar_shiori, fedhas_altar_fruit_tree, uniq_robin
D:5:      uniq_duvessa, uniq_blork_the_orc, uniq_sigmund, uniq_eustachio
D:6:      nicolae_gozag_seed_capital

Skill      XL: |  1  2  3  4  5  6 |
---------------+-------------------+-----
Fighting       | 2 3 4 5 7 |  7.4
Axes           | |  1.7
Throwing       | |  1.1
Armour         | |  1.7
Stealth        | |  1.0
Spellcasting   | |  1.8
Translocations | |  1.0

Action                   |  1- 3 |  4- 6 |  7- 9 || total
-------------------------+-------+-------+-------++-------
Melee: Hand axe          |    92 |       |       ||    92
       Unarmed           |     7 |       |       ||     7
       Flail             |       |   128 |       ||   128
       Quarterstaff      |       |    19 |    18 ||    37
Evoke: Wand              |       |     9 |       ||     9
  Use: Potion            |     1 |     4 |     3 ||     8
       Scroll            |       |     4 |     1 ||     5
 Stab: Confused          |       |     2 |       ||     2
  Eat: Chunk             |       |     3 |       ||     3
Armor: Scale mail        |    68 |    60 |     1 ||   129
       Skin              |    14 |     3 |     5 ||    22
Dodge: Dodged            |    56 |    47 |     3 ||   106

Table legend:
 A = Spawn XP
 B = Non-spawn XP
 C = Spawn XP percentage of total XP
 D = Spawn monster count
 E = Non-spawn monster count
 F = Spawn count percentage of total count
 G = Total turns spent on level
                    A         B        C        D         E        F      G
               +---------+---------+-------+---------+---------+-------+---------
         Total |      87 |     896 |   8.9 |       5 |      62 |   7.5 |  1774
               +---------+---------+-------+---------+---------+-------+---------
           D:1 |       0 |      15 |   0.0 |       0 |      12 |   0.0 |   264
           D:2 |       2 |      89 |   2.2 |       1 |      11 |   8.3 |   462
           D:3 |       3 |      89 |   3.3 |       1 |      12 |   7.7 |   276
           D:4 |      82 |     343 |  19.3 |       3 |      19 |  13.6 |   561
           D:5 |       0 |     308 |   0.0 |       0 |       4 |   0.0 |   115
           D:6 |       0 |      52 |   0.0 |       0 |       4 |   0.0 |    96
               +---------+---------+-------+---------+---------+-------+---------

Table legend:
 A = Turns spent in this place as a percentage of turns spent in the entire game.
 B = Non-inter-level travel turns spent in this place as a percentage of non-inter-level travel turns spent in the entire game.
 C = Inter-level travel turns spent in this place as a percentage of turns spent in this place.
 D = Turns resting spent in this place as a percentage of non-inter-level travel turns spent in this place.
 E = Turns spent auto-exploring this place as a percentage of non-inter-level travel turns spent in this place.
 F = Non-inter-level travel turns spent in this place divided by the number of levels of this place that you've seen.
                   A       B       C       D       E      F
               +-------+-------+-------+-------+-------+----------------------
         Total | 100.0 | 100.0 |   5.8 |   0.0 |   0.0 | 278.5
       Dungeon | 100.0 | 100.0 |   5.8 |   0.0 |   0.0 | 278.5
               +-------+-------+-------+-------+-------+----------------------

Table legend:
 A = Kills in this place as a percentage of kills in entire the game.
 B = Kills by you in this place as a percentage of kills by you in the entire game.
 C = Kills by friends in this place as a percentage of kills by friends in the entire game.
 D = Other kills in this place as a percentage of other kills in the entire game.
 E = Experience gained in this place as a percentage of experience gained in the entire game.
 F = Experience gained in this place divided by the number of levels of this place that you have seen.
                   A       B       C       D       E      F
               +-------+-------+-------+-------+-------+----------------------
         Total | 100.0 | 100.0 |   N/A | 100.0 | 100.0 | 163.8
       Dungeon | 100.0 | 100.0 |   N/A | 100.0 | 100.0 | 163.8
               +-------+-------+-------+-------+-------+----------------------

Vault maps used:
D:1:      nicolae_arrival_somewhat_less_tricky_arrival, minmay_lizard_pond
D:2:      kiku_gazebo_garden_becter, first_bread, uniq_natasha, uniq_terence,
          uniq_jessica
D:3:      uniq_crazy_yiuf_cottage
D:4:      nemelex_altar_shiori, fedhas_altar_fruit_tree, uniq_robin
D:5:      uniq_duvessa, uniq_blork_the_orc, uniq_sigmund, uniq_eustachio
D:6:      nicolae_gozag_seed_capital
